 Dungeon Crawl Stone Soup version 0.29.1-2-gbd0b4ee654 (webtiles) character file.

Game seed: 846525189488469533

144 DemonSlayer the Digger (level 5, -1/35 HPs)
             Began as a Demonspawn Earth Elementalist on Nov 28, 2022.
             Killed by divine providence
             ... invoked by an orc priest
              (11 damage)
             ... on level 4 of the Dungeon.
             The game lasted 00:08:27 (5005 turns).

DemonSlayer the Digger (DsEE)                       Turns: 5005, Time: 00:08:28

Health: -1/35      AC:  3    Str: 10    XL:     5   Next: 5%
Magic:  7/9        EV: 11    Int: 21    God:
Gold:   231        SH:  5    Dex: 13    Spells: 3/10 levels left

rFire   . . .      SeeInvis .   c - +0 mace (elec)
rCold   . . .      Faith    .   (no shield)
rNeg    + . .      Spirit   .   m - +0 leather armour
rPois   .          Reflect  +   (no helmet)
rElec   .          Harm     .   (no cloak)
rCorr   .          Rampage  .   (no gloves)
Will    .....                   (no boots)
Stlth   ++........              f - amulet of reflection
HPRegen 0.11/turn               j - ring of positive energy
MPRegen 0.11/turn               (no ring)

@: no status effects
A: big brain 2, demonic magic 1, weakness stinger 1
a: no special abilities


You were on level 4 of the Dungeon.
You visited 1 branch of the dungeon, and saw 4 of its levels.

You collected 231 gold pieces.

Inventory:

Hand Weapons
 c - a +0 mace of electrocution (weapon)
Armour
 b - a +0 chain mail of cold resistance
 m - a +0 leather armour (worn)
Jewellery
 f - an amulet of reflection (around neck)
 i - an amulet of guardian spirit
 j - a ring of positive energy (left hand)
Scrolls
 d - a scroll of fog {unknown}
 e - a scroll of enchant armour {unknown}
Potions
 g - a potion of flight
 h - a potion of ambrosia
 k - a potion of might {unknown}
 q - a potion of haste


   Skills:
 + Level 1.1 Maces & Flails
 + Level 1.0 Armour
 + Level 1.8 Dodging
 + Level 2.1 Stealth
 + Level 3.1 Spellcasting
 + Level 0.8 Transmutations
 + Level 4.0 Earth Magic


You had 3 spell levels left.
You knew the following spells:

 Your Spells              Type           Power      Damage    Failure   Level
a - Sandblast             Erth           40%        2d10      3%          1
b - Stone Arrow           Conj/Erth      22%        3d8       24%         3
c - Mephitic Cloud        Conj/Pois/Air  3%         N/A       47%         3

Your spell library contained the following spells:

 Spells                   Type           Power      Damage    Failure   Level
 Passwall                 Tmut/Erth      10%        N/A       10%         2
 Magic Dart               Conj           12%        1d3       19%         1
 Call Imp                 Summ           3%         N/A       26%         2
 Poisonous Vapours        Pois/Air       6%         N/A       26%         2
 Searing Ray              Conj           6%         2d4       26%         2
 Confusing Touch          Hex            3%         N/A       47%         3
 Petrify                  Tmut/Erth      13%        N/A       54%         4
 Corpse Rot               Necr/Pois/Air  3%         N/A       87%         4
 Fulminant Prism          Conj/Hex       1%         3d6       87%         4
 Yara's Violent Unravell  Hex/Tmut       2%         3d3       99%         5
 Enfeeble                 Hex            1%         N/A       100%        7


Dungeon Overview and Level Annotations

Branches:
Dungeon (4/15)
 Temple: D:4-7

Altars:
Uskayaw
Yredelemnul

Shops:
D:2 :

Annotations:
D:3 Ijyb, Terence


Innate Abilities, Weirdness & Mutations

You have an extremely huge brain. (Int +4)
Spells you cast may paralyse adjacent enemies.
You have a small tail.


Message History

A quokka comes into view.
A quokka is nearby!
A quokka is nearby!
The blast of sand hits the quokka.
You kill the quokka!
Malevolent energies surge around you.
An orc priest comes into view. It is wielding a +0 club.
You can't see any susceptible monsters within range! (Use Z to cast anyway.)
You see here a quokka corpse.
An orc wizard and an orc come into view.
The orc wizard shouts!
A scorpion comes into view.
The orc priest calls down the wrath of Beogh upon you.
Beogh smites you!
The orc wizard gestures wildly while chanting.
The orc wizard flickers and vanishes!
Deactivating autopickup; reactivate with Ctrl-A.
The orc shouts!
The blast of sand hits the orc priest!
The orc priest is heavily wounded.
Malevolent energies surge around you. The orc priest barely misses you.
The blast of sand hits the orc priest but does no damage.
The orc priest is heavily wounded.
Malevolent energies surge around you.
The orc priest suddenly stops moving!
The helpless orc priest fails to defend itself.
You hit the orc priest but do no damage.
You tail-slap the orc priest.
The orc priest is severely wounded.
The orc priest is no longer paralysed.
The orc priest invokes the aid of Beogh against you.
Beogh smites you!
* * * LOW HITPOINT WARNING * * *
As you read the scroll labelled USCHAG BAMOC, it crumbles to dust.
You hear a loud clanging noise!
It was a scroll of noise.
You hear a shout!
You hear an angry hiss.
You hear a shout! x5
You hear a bark!
You hear an angry hiss.
You hear a bark!
You hear a shout! x2
The orc priest calls down the wrath of Beogh upon you.
Beogh smites you!
You die...

####### ##......
. ...... .. #...#
... #...# ....
##+##...# ....#
#.......##os...#
#...†...@o.{....
#..#######......
#..# ##### #..#
#..# #..######
#..##...#
#..##...##### ###
#.......##..###.#


You could see a scorpion, an orc priest and an orc.

Vanquished Creatures
  A hound (D:4)
  3 gnolls (D:2)
  3 adders (D:2)
  2 worms (D:2)
  2 dart slugs
  3 bats (D:1)
  3 endoplasms
  A giant cockroach (D:2)
  7 goblins
  3 hobgoblins
  6 quokkas
  A ball python (D:2)
  2 frilled lizards
  7 kobolds
  6 rats
50 creatures vanquished.

Vanquished Creatures (others)
  9 plants (D:2)
9 creatures vanquished.

Grand Total: 59 creatures vanquished

Notes
Turn   | Place    | Note
-------+----------+-------------------------------------------
     0 | D:1      | DemonSlayer the Demonspawn Earth Elementalist began the
                  | quest for the Orb.
     0 | D:1      | Reached XP level 1. HP: 13/13 MP: 3/3
   106 | D:1      | Reached skill level 3 in Earth Magic
   182 | D:1      | Gained mutation: You have an unusually large brain. (Int
                  | +2) [demonic ancestry]
   182 | D:1      | Reached XP level 2. HP: 19/19 MP: 1/5
  1100 | D:2      | Found Libionap's Book Shop.
  1611 | D:2      | Gained mutation: You have a small tail. [demonic ancestry]
  1611 | D:2      | Reached XP level 3. HP: 24/24 MP: 3/6
  2167 | D:2      | Gained mutation: You have an extremely huge brain. (Int +4)
                  | [demonic ancestry]
  2167 | D:2      | Reached XP level 4. HP: 24/30 MP: 0/8
  2448 | D:2      | Reached skill level 1 in Maces & Flails
  3502 | D:2      | Learned a level 3 spell: Stone Arrow
  3506 | D:2      | Learned a level 3 spell: Mephitic Cloud
  3528 | D:3      | Noticed Terence
  3589 | D:3      | Found the +5 robe of Misfortune {Harm *Corrode *Slow EV+5}
  3620 | D:3      | Found a hide-covered altar of Uskayaw.
  3955 | D:3      | Found a basalt altar of Yredelemnul.
  4082 | D:3      | Noticed Ijyb
  4866 | D:4      | Reached skill level 4 in Earth Magic
  4866 | D:4      | Gained mutation: Spells you cast may paralyse adjacent
                  | enemies. [demonic ancestry]
  4866 | D:4      | Reached XP level 5. HP: 32/35 MP: 3/9
  4926 | D:4      | Reached skill level 1 in Armour
  5005 | D:4      | Killed from afar by an orc priest

Illustrated notes

Levels and vault maps discovered:
D:1:      minmay_arrival_glassed_features, layout_basic
D:2:      wad_lake_hut, layout_loops_ring, basic_altar, serial_shops, shop,
          minmay_door_square, minmay_pentomino_x2
D:3:      layout_basic, overflow_temple_1_default, amcnicky_altar_gilded,
          uniq_terence, uniq_ijyb
D:4:      layout_gridville, nicolae_overflow_crystal_walls, uniq_duvessa,
          uniq_pikel

Skill      XL: |  1  2  3  4  5 |
---------------+----------------+-----
Earth Magic    | 3 4 |  4.0
Stealth        | 2 |  2.1
Maces & Flails | 1 |  1.1
Spellcasting   | 3 |  3.1
Armour         | 1 |  1.0
Dodging        | |  1.8
Transmutations | |  0.8

Action                   |  1- 3 |  4- 6 || total
-------------------------+-------+-------++-------
Melee: Mace              |    16 |     7 ||    23
       Tailslap          |     1 |     1 ||     2
 Cast: Sandblast         |    39 |    34 ||    73
  Use: Scroll            |       |     6 ||     6
       Potion            |       |     3 ||     3
 Stab: Sleeping          |     1 |     1 ||     2
       Paralysed         |       |     1 ||     1
Armor: Robe              |     4 |       ||     4
       Leather armour    |     2 |     2 ||     4
Dodge: Dodged            |    10 |    14 ||    24
Block: Other             |     6 |     4 ||    10
